 Dungeon Sprint DCSS version 0.29.1-2-gbd0b4ee654 (webtiles) character file.

Game seed: 11958477173115267388

507 Zeld the Cleaver (level 6, -21/93 HPs)
             Began as a Minotaur Berserker on Oct 25, 2022.
             Was a Priest of Trog.
             Killed from afar by an oklob plant (28 damage)
             ... with a splash of acid
             ... in the Dungeon (Sprint IV: "Fedhas' Mad Dash").
             The game lasted 00:00:55 (1342 turns).

Zeld the Cleaver (Minotaur Berserker)               Turns: 1342, Time: 00:00:56

Health: -21/93     AC: -5    Str: 24    XL:     6   Next: 97%
Magic:  3/5        EV: 14    Int:  4    God:    Trog [***...]
Gold:   82         SH:  0    Dex:  9    Spells: 5/5 levels left

rFire   . . .      SeeInvis .   a - +0 hand axe
rCold   . . .      Faith    .   (no shield)
rNeg    . . .      Spirit   .   b - +0 animal skin
rPois   .          Reflect  .   (helmet restricted)
rElec   .          Harm     .   (no cloak)
rCorr   .          Rampage  .   (no gloves)
Will    .....      NoTele   +   (no boots)
Stlth   ..........              i - amulet of invisibility {+Inv}
HPRegen 0.25/turn               (no ring)
MPRegen 0.09/turn               (no ring)

@: berserking, corroded, very slightly contaminated, invisible, very quick
A: horns 2, retaliatory headbutt
a: Renounce Religion, Evoke Invisibility, Berserk, Trog's Hand


You were in the Dungeon.
You worshipped Trog.
Trog was most pleased with you.
You visited 1 branch You collected 82 gold pieces.

Inventory:

Hand Weapons
 a - a +0 hand axe (weapon)
Armour
 b - a +0 animal skin (worn)
Jewellery
 i - the amulet of invisibility (around neck) {+Inv}
   (You found it in the Dungeon)

   [amulet of nothing]

   +Inv:      It lets you turn invisible.
Scrolls
 h - a scroll of blinking
Potions
 c - a potion of curing
 d - a potion of heal wounds
 e - a potion of haste
 f - 2 potions of magic
 g - a potion of berserk rage


   Skills:
 + Level 8.8 Fighting
 * Level 11.8 Axes
 + Level 8.3 Armour
 + Level 7.6 Dodging


You had 5 spell levels left.
You didn't know any spells.
Your spell library was empty.

Dungeon Overview and Level Annotations

Branches:
Dungeon (1/1)

Altars:

Annotations:
D exclusion: oklob plant


Innate Abilities, Weirdness & Mutations

You have a pair of horns on your head.
You reflexively headbutt those who attack you in melee.


Message History

You start resting.
You see here a killer bee corpse.
You start resting.
Magic restored.
You start resting.
You feel yourself speed up.
You start resting.
You recover from your berserk rage.
You start resting.
HP restored.
You fail to use your ability.
You fail to use your ability.
You fail to use your ability.
You fade into invisibility!
You are very lightly contaminated with residual magic.
You are already invisible!
You open the door.
An oklob plant comes into view.
Marking area around an oklob plant as unsafe for travelling.
Found 5 gold pieces and a scimitar.
There is an open door here.
You catch the helpless oklob plant completely off-guard!
You hit the oklob plant but do no damage.
You hit the oklob plant but do no damage.
You hit the oklob plant but do no damage.
The oklob plant spits acid at you. The splash of acid hits you!!
The acid corrodes you!
You hit the oklob plant but do no damage.
You catch the helpless oklob plant completely off-guard!
You hit the oklob plant but do no damage.
You hit the oklob plant but do no damage.
The oklob plant spits acid at you. The splash of acid hits you!!
Ouch! That really hurt!
* * * LOW HITPOINT WARNING * * *
The acid corrodes you!
A red film seems to cover your vision as you go berserk!
You feel yourself moving faster!
You feel mighty! The oklob plant spits acid at you.
The splash of acid hits you!!
You die...

#<..P#.....#.....#
#PP..'.....'.#.[.+
#PPPP#.....#.#...#
###############'##
#...♣........'...#
#......♣.....#...#
#.....♣..♣..######
##'####+##### #$@#
#P)# ####


You could see an oklob plant (unable to see you).

Vanquished Creatures
  A queen bee (D)
  A scorpion (D)
  4 killer bees (D)
  2 oklob saplings (D)
  A river rat (D)
  A rat (D)
10 creatures vanquished.

Notes
Turn   | Place    | Note
-------+----------+-------------------------------------------
     0 | D        | Zeld the Minotaur Berserker began the quest for the Orb.
     0 | D        | Reached XP level 1. HP: 19/19 MP: 0/0
    10 | D        | Reached skill level 4 in Axes
    10 | D        | Reached XP level 2. HP: 18/27 MP: 1/1
   224 | D        | Noticed an oklob sapling
   544 | D        | Killed an oklob sapling
   544 | D        | Reached ** piety under Trog
   545 | D        | Reached skill level 6 in Axes
   545 | D        | Reached XP level 3. HP: 35/35 MP: 2/2
   792 | D        | Noticed a scorpion
   792 | D        | Found the amulet of invisibility {+Inv}
   796 | D        | Killed a scorpion
   797 | D        | Reached skill level 5 in Fighting
   797 | D        | Reached skill level 7 in Axes
   797 | D        | Reached skill level 5 in Armour
   797 | D        | Reached XP level 4. HP: 44/44 MP: 3/3
   962 | D        | Reached skill level 8 in Axes
   962 | D        | Reached skill level 5 in Dodging
  1099 | D        | Noticed a queen bee
  1108 | D        | Reached XP level 5. HP: 51/51 MP: 2/4
  1110 | D        | Reached skill level 9 in Axes
  1110 | D        | Killed a queen bee
  1110 | D        | Reached *** piety under Trog
  1111 | D        | Reached skill level 11 in Axes
  1111 | D        | Reached XP level 6. HP: 62/62 MP: 2/5
  1333 | D        | Noticed an oklob plant
  1342 | D        | Killed from afar by an oklob plant

Illustrated notes

Levels and vault maps discovered:
D:        dungeon_sprint_fedhas [sprint_temple]

Skill      XL: |  1  2  3  4  5 |
---------------+----------------+-----
Fighting       | 4 5 6 8 |  8.8
Axes           | 4 6 7 8 11 | 11.8
Armour         | 3 4 5 6 8 |  8.3
Dodging        | 3 4 5 7 |  7.6

Action                   |  1- 3 |  4- 6 || total
-------------------------+-------+-------++-------
Melee: Hand axe          |     9 |    18 ||    27
       Headbutt          |     1 |     1 ||     2
Invok: Berserk           |     2 |     3 ||     5
 Abil: Evoke Invisibilit |       |     3 ||     3
 Stab: Invisible         |       |     5 ||     5
Dodge: Dodged            |     5 |     8 ||    13
